 Dungeon Crawl Stone Soup version 0.27.1-1-g398f81649c (webtiles) character file.

Game seed: 4101802425921933944

135 Kinoniko the Cudgeller (level 5, -6/32 HPs)
             Began as a Gargoyle Fighter on Sept 9, 2021.
             Killed by divine providence
             ... invoked by an orc priest
              (11 damage)
             ... on level 3 of the Dungeon.
             The game lasted 00:02:36 (2324 turns).

Kinoniko the Cudgeller (Gargoyle Fighter)           Turns: 2324, Time: 00:02:37

Health: -6/32      AC: 12    Str: 21    XL:     5   Next: 18%
Magic:  4/4        EV:  8    Int:  6    God:
Gold:   113        SH:  9    Dex:  9    Spells: 4/4 levels left

rFire    + + .     SeeInvis .   a - +0 flail
rCold    . . .     Faith    .   c - +0 kite shield
rNeg     + . .     Spirit   .   l - +2 ring mail {rF+}
rPois    ∞         Reflect  .   d - +0 helmet
rElec    +         Harm     .   (no cloak)
rCorr    .         Rampage  .   (no gloves)
Will     .....                  (no boots)
Stlth    ..........             h - amulet of regeneration
HPRegen  1.10/turn              j - ring of protection from fire
MPRegen  0.09/turn              (no ring)

@: flying
A: sickness immunity, AC +4, negative energy resistance 1, electricity
resistance, torment resistance 1, petrification resistance, big wings, dopey 1,
low mp 1
a: no special abilities


You were on level 3 of the Dungeon.
You visited 1 branch of the dungeon, and saw 3 of its levels.

You collected 113 gold pieces.

Inventory:

Hand Weapons
 a - a +0 flail (weapon)
Armour
 b - a +0 scale mail
 c - a +0 kite shield (worn)
 d - a +0 helmet (worn)
 l - a +2 ring mail of fire resistance (worn)
Jewellery
 e - an amulet of the acrobat
 h - an amulet of regeneration (around neck)
 j - a ring of protection from fire (left hand)
Scrolls
 f - a scroll of teleportation
 g - 3 scrolls of identify
 k - a scroll of enchant weapon


   Skills:
 - Level 3.2 Fighting
 * Level 5.2 Maces & Flails
 - Level 3.2 Armour
 - Level 3.2 Shields


You had 4 spell levels left.
You didn't know any spells.
Your spell library contained the following spells:

 Spells                   Type           Power      Damage    Failure   Level
 Dazzling Flash           Conj/Hex       0%         N/A       100%        3
 Iskenderun's Mystic Bla  Conj/Tloc      0%         2d3       100%        4
 Starburst                Conj/Fire      0%         6d3       100%        6


Dungeon Overview and Level Annotations

Branches:
Dungeon (3/15)

Altars:
Cheibriados
Ru
Yredelemnul

Shops:
D:3 =


Innate Abilities, Weirdness & Mutations

You are immune to sickness and miasma.
Your stone body is resilient. (AC +4)
You are immune to poison.
You resist negative energy. (rN+)
You are resistant to electric shocks. (rElec)
You are resistant to unholy torment.
You are immune to petrification.
Your large and strong wings let you fly.
You are dopey. (Int -2)
Your magical capacity is low. (-10% MP)


Message History

The orc hits you but does no damage.
You barely miss the orc. The orc barely misses you.
The orc hits you with a +0 short sword. The orc hits you but does no damage.
You hit the orc.
The orc is severely wounded.
You block the orc's attack. The orc barely misses you.
You hit the orc.
You kill the orc!
You block the orc's attack.
You closely miss the orc. You block the orc's attack.
The orc priest mumbles some strange prayers to Beogh against you.
Beogh smites you!
You see here a +0 whip.
You closely miss the orc. You block the orc's attack.
The orc hits you but does no damage.
You barely miss the orc. You block the orc's attack.
You hit the orc.
The orc is almost dead.
The orc hits you with a +0 club.
You aren't carrying any potions.
You closely miss the orc.
The orc is almost dead.
You block the orc's attack. The orc hits you with a +0 club.
Okay, then.
You hit the orc.
You kill the orc!
The orc priest calls down the wrath of Beogh upon you.
Beogh smites you!
* * * LOW HITPOINT WARNING * * *
The orc priest miscasts a cantrip.
Unknown command.
Unknown command.
You aren't carrying any potions.
As you read the scroll of fog, it crumbles to dust.
The scroll dissolves into smoke.
You block the orc's attack.
You closely miss the orc. The orc hits you with a +0 short sword.
* * * LOW HITPOINT WARNING * * *
The orc priest invokes the aid of Beogh against you.
Beogh smites you!
You die...

##.## ####...##
#.......# #.##...##
#######.###.#####
#.......# #.....#
#§####### #####.#
#§# #.# #@# #.#
#o### #########.##
#or.# #...........
###§###......#....
#..)............#.#
#.##.##.........#..
# oo##............
####.........##.
#.#######....


You could see an orc priest, an orc and a rat.

Vanquished Creatures
  An orc priest (D:3)
  Robin (D:3)
  4 adders
  4 orcs (D:3)
  6 endoplasms
  3 giant cockroaches
  9 goblins
  5 hobgoblins
  3 kobolds (D:1)
  3 quokkas
  4 ball pythons
  3 bats
  4 frilled lizards
  4 rats
54 creatures vanquished.

Notes
Turn   | Place    | Note
-------+----------+-------------------------------------------
     0 | D:1      | Kinoniko the Gargoyle Fighter began the quest for the Orb.
     0 | D:1      | Reached XP level 1. HP: 14/14 MP: 1/1
   213 | D:1      | Reached XP level 2. HP: 19/19 MP: 2/2
   593 | D:1      | Reached skill level 3 in Maces & Flails
   955 | D:2      | Reached XP level 3. HP: 23/23 MP: 3/3
  1255 | D:2      | Found a faded altar of an unknown god.
  1358 | D:2      | Found a sacrificial altar of Ru.
  1434 | D:3      | Found Rywyxkef's Jewellery Boutique.
  1523 | D:3      | Reached skill level 4 in Maces & Flails
  1585 | D:3      | Reached XP level 4. HP: 23/28 MP: 4/4
  1699 | D:3      | Noticed Robin
  1719 | D:3      | Gained mutation: You are dopey. (Int -2) [potion of
                  | mutation]
  1719 | D:3      | Gained mutation: Your magical capacity is low. (-10% MP)
                  | [potion of mutation]
  1719 | D:3      | Gained mutation: Your large and strong wings let you fly.
                  | [potion of mutation]
  1733 | D:3      | Killed Robin
  2122 | D:3      | Found a basalt altar of Yredelemnul.
  2126 | D:3      | Found a snail-covered altar of Cheibriados.
  2308 | D:3      | Reached skill level 5 in Maces & Flails
  2308 | D:3      | Reached XP level 5. HP: 20/32 MP: 4/4
  2324 | D:3      | Killed from afar by an orc priest

Illustrated notes

Levels and vault maps discovered:
D:1:      dpeg_arrival_stone_temple_mockup, layout_loops_cross,
          chequers_serial_rivers_large_a, grunt_decor_resistance
D:2:      layout_rooms, hellmonk_ecumenical_altar_arch_garden, kennysheep_nub,
          kennysheep_flooded_box
D:3:      layout_loops_cross, minitemple, serial_shops, shop, uniq_robin

Skill      XL: |  1  2  3  4 |
---------------+-------------+-----
Maces & Flails | 3 4 5 |  5.2
Fighting       | |  3.2
Armour         | |  3.2
Shields        | |  3.2

Action                   |  1- 3 |  4- 6 || total
-------------------------+-------+-------++-------
Melee: Flail             |   117 |    85 ||   202
  Use: Potion            |       |     4 ||     4
       Scroll            |       |     4 ||     4
Armor: Scale mail        |    30 |       ||    30
       Ring mail         |    19 |    38 ||    57
       Skin              |       |    11 ||    11
Dodge: Dodged            |    40 |    26 ||    66
Block: Kite shield       |    67 |    64 ||   131
